 Dungeon Crawl Stone Soup version 0.18-a0-750-g37044d6 (webtiles) character file.

7 Duffy the Caller (level 1, -3/13 HPs)
             Began as a Mummy Summoner on Dec 12, 2015.
             Slain by a giant gecko (5 damage)
             ... on level 2 of the Dungeon.
             The game lasted 00:01:16 (789 turns).

Duffy the Caller (Mummy Summoner)                    Turns: 789, Time: 00:01:17

Health: -3/13      AC:  2    Str: 11    XL:     1   Next: 83%
Magic:  3/3        EV: 12    Int: 14    God:
Gold:   14         SH:  0    Dex: 12    Spells: 1 memorised, 3 levels left

rFire  x . .     SeeInvis .     c - 29 stones
rCold  + . .     Clarity  .     a - +0 robe
rNeg   + + +     SustAt   .     (no shield)
rPois  ∞         Gourm    .     (no helmet)
rElec  .         Spirit   .     (no cloak)
rCorr  .         Dismiss  .     (no gloves)
rMut   .         Stasis   .     (no boots)
MR     .....                    (no amulet)
Stlth  ++........               (no ring)
                                (no ring)

@: not resistant to hostile enchantments, unstealthy
A: no food or potions, fire vulnerability, cold resistance 1, negative energy
resistance 3, torment resistance, unbreathing
a: no special abilities


You were on level 2 of the Dungeon.
You were not hungry.

You visited 1 branch of the dungeon, and saw 2 of its levels.

You collected 14 gold pieces.


Innate Abilities, Weirdness & Mutations

You do not eat or drink.
Your flesh is vulnerable to fire.
You are immune to poison.
Your flesh is cold resistant.
You are immune to negative energy.
You are immune to unholy pain and torment.
You can survive without breathing.


   Skills:
 - Level 1.5 Dodging
 - Level 1.5 Stealth
 + Level 2.1 Spellcasting
 * Level 3.5 Summonings


You had 3 spell levels left.
You knew the following spells:

 Your Spells              Type           Power        Failure   Level  Hunger
a - Summon Small Mammal   Summ           ##..         6%          1    N/A

Inventory:

Missiles
 c - 29 stones (in hand)
Armour
 a - a +0 robe (worn)
Scrolls
 d - 4 scrolls of identify {unknown}
 e - 2 scrolls of remove curse {unknown}
 f - a scroll of magic mapping {unknown}
Books
 b - a book of Callings

Dungeon Overview and Level Annotations

Branches:
Dungeon (2/15)

Altars:


Message History

Your bat closely misses the giant cockroach.
Your bat closely misses the giant cockroach.
The giant cockroach bites your bat.
Your bat hits the giant cockroach.
Your quokka bites the giant cockroach.
The giant cockroach dies!
Your bat closely misses the giant gecko.
The giant gecko bites your bat.
Your bat dies!
Your bat's corpse disappears in a puff of smoke!
Your quokka closely misses the giant gecko.
The giant gecko barely misses you.
Your quokka barely misses the giant gecko.
The giant gecko bites you.
Your quokka closely misses the giant gecko.
The giant gecko bites you.
Your quokka misses the giant gecko. The giant gecko barely misses you.
Your quokka barely misses the giant gecko.
The giant gecko misses you.
Your quokka bites the giant gecko.
The giant gecko bites you.
Your quokka bites the giant gecko.
The giant gecko bites you.
Your quokka misses the giant gecko. The giant gecko barely misses you.
Your quokka closely misses the giant gecko.
The giant gecko closely misses you.
Your quokka barely misses the giant gecko.
The giant gecko misses you.
Your quokka closely misses the giant gecko.
The giant gecko closely misses you.
Your quokka barely misses the giant gecko.
The giant gecko bites you.
Your quokka misses the giant gecko.
Your quokka disappears in a puff of smoke!
The giant gecko completely misses you. The giant gecko bites you.
A bat comes into view.
The giant gecko barely misses you. The giant gecko bites you.
You die...

.b#########
..........####
#.######@#....###
#.......l.%......
#.#######<###.##
#.# #######.#
........#
#######.# #.# #.#


You could see a giant gecko and a bat (sleeping).

Action                   || total
-------------------------++-------
Throw: Stone             ||     3
 Cast: Summon Small Mamm ||    24

Notes
Turn   | Place    | Note
--------------------------------------------------------------
     0 | D:1      | Duffy the Mummy Summoner began the quest for the Orb.
     0 | D:1      | Reached XP level 1. HP: 13/13 MP: 3/3
   789 | D:2      | Slain by a giant gecko

Vault maps used:
D:1:      dpeg_arrival_three_same_balls, serial_forest, infiniplex_forest_end_1,
          infiniplex_forest_end_2, infiniplex_forest_lined_2,
          infiniplex_forest_lined_3, infiniplex_forest_straight_2
D:2:      uniq_robin

Vanquished Creatures
  2 bats
  3 giant cockroaches
  A goblin
  A hobgoblin
  A giant newt
  2 rats
10 creatures vanquished.
